 Dungeon Crawl Stone Soup version 0.27-a0-1177-g245c70e1c0 (webtiles) character file.

Game seed: 16303430488580613672

135 Froggeryz the Chopper (level 4, -1/35 HPs)
             Began as a Demonspawn Fighter on May 16, 2021.
             Slain by a gnoll sergeant
             ... wielding a +2 spear of distortion
              (15 damage)
             ... on level 3 of the Dungeon.
             The game lasted 00:02:04 (2468 turns).

Froggeryz the Chopper (Demonspawn Fighter)          Turns: 2468, Time: 00:02:04

Health: -1/35      AC: 12    Str: 17    XL:     4   Next: 96%
Magic:  4/4        EV:  4    Int: 10    God:
Gold:   107        SH:  0    Dex: 12    Spells: 3/3 levels left

rFire    . . .     SeeInvis .   a - +0 war axe
rCold    . . .     Faith    .   c - +0 kite shield
rNeg     . . .     Spirit   .   b - +0 scale mail
rPois    .         Reflect  .   (helmet restricted)
rElec    .         Harm     .   (no cloak)
rCorr    .         Rampage  .   h - +0 pair of gloves
Will     .....                  (no boots)
Stlth    ..........             (no amulet)
HPRegen  0.11/turn              e - +4 ring of protection
MPRegen  0.09/turn              (no ring)

@: held
A: antennae 1, sharp scales 1
a: no special abilities


You were on level 3 of the Dungeon.
You visited 1 branch of the dungeon, and saw 3 of its levels.

You collected 107 gold pieces.

Inventory:

Hand Weapons
 a - a +0 war axe (weapon)
Armour
 b - a +0 scale mail (worn)
 c - a +0 kite shield (worn)
 h - a +0 pair of gloves (worn)
Jewellery
 e - a +4 ring of protection (left hand)
Wands
 k - a wand of flame (18)
Scrolls
 i - a scroll of enchant armour {unknown}
 l - a scroll of identify
Potions
 d - a potion of might
 f - a potion of curing {unknown}
 g - 2 potions of flight {unknown}
 j - 2 potions of attraction {unknown}


   Skills:
 - Level 3.0 Fighting
 * Level 4.4 Axes
 - Level 2.6 Armour
 + Level 3.1 Shields


You had 3 spell levels left.
You didn't know any spells.
Your spell library contained the following spells:

 Spells                   Type           Power      Damage    Failure   Level
 Animate Skeleton         Necr           0%         N/A       99%         1
 Apportation              Tloc           0%         N/A       99%         1
 Corona                   Hex            0%         N/A       99%         1
 Summon Small Mammal      Summ           0%         N/A       99%         1


Dungeon Overview and Level Annotations

Branches:
Dungeon (3/15)

Altars:
Sif Muna


Innate Abilities, Weirdness & Mutations

You have a pair of small antennae on your head.
You are partially covered in razor-sharp scales. (AC +1, Slay +1)


Message History

No target in view!
No target in view!
No target in view!
No target in view!
No target in view!
No target in view!
No target in view!
Things that are here:
a +0 flail; a +0 leather armour; an orc corpse You see here a +1 antimagic short sword.
Found a stone staircase leading down.
There is a stone staircase leading down here.
You now have 107 gold pieces (gained 13).
Things that are here:
13 bolts; a +0 whip; a +0 hand crossbow The gnoll shouts!
You hear a shout!
A gnoll is nearby!
A gnoll is nearby!
A gnoll is nearby!
There is a stone staircase leading down here.
You closely miss the gnoll. The gnoll hits you with a +0 flail!
You slash the gnoll!
The gnoll is severely wounded.
You closely miss the gnoll.
The gnoll hits you but does no damage. x2
You block the gnoll's attack.
You hit the gnoll.
You kill the gnoll!
You slash the gnoll! The gnoll hits you with a +0 club.
The gnoll hits you but does no damage. You block the gnoll's attack.
The gnoll hits you from afar with a +0 spear.
The gnoll hits you with a +0 club.
Things that are here:
a +0 flail; a gnoll corpse The gnoll throws a throwing net.
The throwing net hits you.
You become entangled in the net!
You see here a throwing net.
You struggle against the net.
The gnoll sergeant hits you from afar with a +2 spear of distortion.
Space warps horribly around you!
You die...

#.......g>#####.......
####...........###(..
######..####..######...
#.......#####.....##...
#.............###......
#.....#g.###### ######.
#.....#.g# #### #.....g..#
######... #.....@#.###
#......## #.....##...#
##.###### #....<####.###..#
#..>..# #..)..########
#..<..# #.............
........### #......#######
........######.....##
........<...[......#
>.......#####......########


You could see a gnoll sergeant and 2 gnolls.

Vanquished Creatures
  3 gnolls
  5 adders
  2 worms (D:2)
  2 dart slugs (D:1)
  An orc (D:3)
  6 ball pythons
  3 bats
  3 giant cockroaches
  4 goblins
  2 hobgoblins
  4 jackals (D:3)
  3 quokkas
  A frilled lizard (D:1)
  7 kobolds
  5 rats
51 creatures vanquished.

Notes
Turn   | Place    | Note
-------+----------+-------------------------------------------
     0 | D:1      | Froggeryz the Demonspawn Fighter began the quest for the
                  | Orb.
     0 | D:1      | Reached XP level 1. HP: 18/18 MP: 1/1
   122 | D:1      | Reached skill level 2 in Axes
   209 | D:1      | Gained mutation: You are partially covered in razor-sharp
                  | scales. (AC +1, Slay +1) [demonic ancestry]
   209 | D:1      | Reached XP level 2. HP: 24/24 MP: 2/2
   328 | D:1      | Found a faded altar of an unknown god.
   796 | D:1      | You fall into a shaft and drop 1 floor!
   807 | D:2      | Reached skill level 3 in Axes
   807 | D:2      | Gained mutation: You have a pair of small antennae on your
                  | head. [demonic ancestry]
   807 | D:2      | Reached XP level 3. HP: 29/29 MP: 3/3
  1532 | D:2      | Found a shimmering blue altar of Sif Muna.
  1658 | D:2      | Reached XP level 4. HP: 35/35 MP: 4/4
  1788 | D:2      | Reached skill level 4 in Axes
  1938 | D:3      | Noticed a gnoll sergeant
  2468 | D:3      | Slain by a gnoll sergeant

Illustrated notes

Levels and vault maps discovered:
D:1:      sevenhm_arrival_forest_fort_small_3, layout_loops_corners,
          basic_ecumenical_altar
D:2:      layout_loops_cross, basic_altar
D:3:      layout_rooms

Skill      XL: |  1  2  3  4 |
---------------+-------------+-----
Axes           | 2 3 4 |  4.4
Shields        | 3 |  3.1
Fighting       | |  3.0
Armour         | |  2.6

Action                   |  1- 3 |  4- 6 || total
-------------------------+-------+-------++-------
Melee: War axe           |   100 |    52 ||   152
  Use: Scroll            |     2 |       ||     2
Armor: Scale mail        |    51 |    38 ||    89
Dodge: Dodged            |    26 |    13 ||    39
Block: Kite shield       |    55 |    38 ||    93

Table legend: (Time is in decaauts)
 A = Elapsed time spent in this place.
 B = Non-inter-level travel time spent in this place.
 C = Inter-level travel time spent in this place.
 D = Time resting spent in this place.
 E = Time spent auto-exploring this place.
 F = Levels seen in this place.
 G = Mean time per level.
                   A        B        C        D        E       F      G
               +--------+--------+--------+--------+--------+-----+--------+
         Total |   2558 |   2456 |    102 |    144 |   1879 |   3 |  852.7 |
       Dungeon |   2558 |   2456 |    102 |    144 |   1879 |   3 |  852.7 |
               +--------+--------+--------+--------+--------+-----+--------+

Top non-repeatable levels by time:
     D:1: 1196 daAuts
     D:2: 869 daAuts
     D:3: 492 daAuts
